Map: Bel'Shir Vestige LE (Void)

Players

BLY

  • Race: Zerg Zerg
  • Spawn Location: 5:00

LiquidSnute (Snute) - Winner!

  • Race: Zerg Zerg
  • Spawn Location: 11:00

Event: IEM XI Katowice - World Championship 2017

VOD

Have the link to the VOD?

Description

Time

  • Played on: Feb. 27, 2017, 8:21 a.m.
  • Length: 8:38

All games in this series

Show
View Real Time Build Order
Export as new Build Order

BLY Zerg 

Build Orders: Hatch First 

Get SALT Encoding   

  12  0:01  Drone  
  13  0:12  Overlord  
  13  0:17  Drone  
  14  0:31  Drone x2  
  14  0:34  Drone  
  17  0:51  Hatchery  
  16  1:03  Spawning Pool  
  15  1:06  Drone  
  16  1:12  Drone  
  16  1:16  Drone  
  16  1:17  Extractor  
  17  1:19  Drone  
  18  1:30  Drone  
  19  1:42  Overlord  
  19  1:49  Queen  
  19  1:51  Zergling x2  
  22  2:03  Queen  
  24  2:12  Drone x2  
  24  2:13  Drone  
  27  2:19  Overlord  
  27  2:25  Queen  
  29  2:38  Queen  
  31  2:51  Evolution Chamber  
  30  2:55  Drone x3  
  30  2:56  Roach Warren  
  32  3:02  Drone x3  
  32  3:05  Evolution Chamber  
  34  3:06  Drone x2  
  36  3:14  Drone x2  
  38  3:25  Zergling x4  
  33  3:28  Evolution Chamber  
  31  3:34  Drone x2  
  31  3:37  Drone x2  
  31  3:40  Drone  
  32  3:49  Drone  
  34  3:57  Drone x3  
  37  4:03  Lair  
  37  4:07  Zerg Missile Weapons Level 1  
  37  4:11  Roach  
  37  4:14  Extractor  
  37  4:16  Overlord  
  38  4:18  Drone  
  38  4:21  Extractor  
  38  4:22  Drone  
  38  4:23  Drone  
  40  4:26  Drone  
  40  4:28  Drone  
  40  4:31  Drone  
  43  4:32  Drone  
  43  4:34  Drone  
  43  4:36  Drone  
  47  4:38  Drone  
  47  4:47  Drone x2  
  47  4:48  Drone  
  47  4:49  Drone  
  51  4:53  Overlord  
  51  4:54  Drone  
  51  4:57  Overlord  
  50  5:03  Overseer  
  50  5:05  Glial Reconstitution  
  49  5:10  Overlord, Roach  
  51  5:22  Roach x4  
  51  5:26  Roach x2  
  63  5:33  Roach x3  
  69  5:43  Hatchery  
  68  5:51  Drone x5  
  68  5:55  Extractor  
  72  5:59  Roach x2  
  76  6:08  Overlord  
  76  6:11  Spire  
  76  6:14  Overlord x2  
  75  6:27  Roach  
  75  6:28  Roach x3  
  75  6:29  Overlord  
  75  6:32  Overlord  
  83  6:35  Roach  
  85  6:44  Roach x2  
  85  6:45  Roach Warren  
  84  6:47  Roach  
  84  6:51  Zergling x2  
  84  6:52  Zergling x4  
  85  6:58  Zergling x4  
  73  7:01  Queen  
  73  7:06  Zergling x6  
  73  7:07  Zergling x2  
  63  7:13  Zergling x4  
  51  7:23  Drone  
  51  7:24  Drone x2  
  51  7:27  Drone  
  53  7:33  Drone x2  
  55  7:41  Roach x2  
  58  7:45  Roach  
  59  7:53  Roach  
  59  7:54  Roach  
  59  7:57  Roach  
  57  8:05  Roach x2  
  52  8:08  Roach  
  52  8:12  Roach  
  46  8:16  Roach  
Show
View Real Time Build Order
Export as new Build Order

LiquidSnute Zerg - Winner!

Build Orders: Pool First 

Get SALT Encoding   

  12  0:00  Drone  
  13  0:12  Overlord  
  13  0:16  Drone  
  14  0:30  Drone x2  
  14  0:34  Drone  
  17  0:42  Extractor  
  16  0:45  Drone  
  17  0:51  Spawning Pool  
  17  0:55  Drone  
  17  1:06  Drone  
  18  1:23  Drone  
  19  1:25  Hatchery  
  18  1:38  Queen  
  18  1:39  Overlord  
  20  1:45  Metabolic Boost  
  20  1:49  Zergling x2  
  20  1:53  Drone  
  22  2:00  Drone  
  23  2:10  Baneling Nest  
  23  2:15  Queen  
  24  2:16  Zergling x2  
  24  2:22  Zergling x2  
  26  2:32  Zergling x2  
  27  2:38  Zergling x2  
  27  2:42  Zergling x2  
  29  2:45  Zergling x4  
  29  2:47  Zergling x2  
  29  2:48  Overlord  
  32  2:54  Baneling x2  
  32  2:58  Drone  
  32  2:59  Drone  
  32  3:05  Overlord  
  34  3:09  Drone  
  34  3:21  Drone x4  
  34  3:25  Drone  
  34  3:26  Drone x2  
  37  3:28  Drone x2  
  39  3:36  Drone  
  39  3:39  Drone  
  38  3:49  Drone  
  38  3:51  Drone  
  38  3:54  Hatchery  
  39  3:57  Overlord  
  39  4:00  Drone  
  40  4:03  Extractor  
  40  4:05  Evolution Chamber  
  40  4:06  Lair, Extractor  
  40  4:07  Drone  
  38  4:11  Drone  
  38  4:12  Drone x2  
  38  4:13  Drone  
  42  4:19  Drone  
  42  4:22  Roach Warren  
  42  4:23  Drone  
  42  4:24  Drone  
  44  4:27  Drone  
  45  4:31  Zergling x2  
  45  4:32  Zergling x2  
  45  4:35  Zerg Missile Weapons Level 1  
  47  4:41  Drone  
  47  4:45  Overlord  
  48  4:48  Drone x3  
  48  4:51  Zergling x2  
  52  4:53  Overlord  
  52  5:01  Spore Crawler  
  52  5:07  Glial Reconstitution  
  52  5:10  Roach x3  
  52  5:11  Roach x2  
  52  5:13  Roach  
  63  5:24  Roach  
  63  5:25  Roach x5  
  75  5:29  Overlord  
  75  5:30  Overlord  
  75  5:32  Unknown  
  75  5:36  Hatchery  
  75  5:41  Overlord  
  75  5:42  Roach  
  76  5:44  Overlord  
  76  5:47  Roach x2  
  80  5:50  Roach  
  80  5:54  Roach x2  
  86  6:02  Queen  
  90  6:10  Roach x3  
  96  6:13  Roach  
  96  6:17  Roach x2  
  100  6:22  Ravager x2  
  100  6:23  Unknown  
  102  6:30  Roach x3  
  106  6:36  Roach  
  106  6:39  Overlord  
  107  6:48  Overlord  
  107  6:49  Overlord x2  
  107  6:50  Roach x3  
  109  6:55  Roach x2  
  109  6:56  Roach x2  
  109  7:00  Roach  
  109  7:01  Roach  
  107  7:05  Extractor  
  107  7:07  Roach x2  
  107  7:08  Drone  
  109  7:12  Roach  
  99  7:16  Roach  
  99  7:18  Roach  
  99  7:22  Drone  
  92  7:29  Roach x2  
  91  7:33  Roach  
  91  7:34  Roach x3  
  99  7:39  Roach x2  
  99  7:41  Zergling x6  
  106  7:44  Roach  
  108  7:57  Roach x3  
  108  8:05  Roach x5  
  118  8:10  Roach  
  114  8:17  Roach x2  

Tags
 
Add a new tag
Caveats
  • Supply blocks, unpowered buildings, or Contaminate may cause inaccurate times.
  • Supply counts are checked every 10 seconds.